 Dungeon Crawl Stone Soup version 0.23.2-40-g277498a001 (webtiles) character file.

Game seed: 17768492919770314777

743875 Amplified the Slayer (level 27, -6/173 HPs)
             Began as a Gargoyle Fighter on Aug 21, 2019.
             Was a High Priest of the Shining One.
             Killed from afar by an orb of fire (12 damage)
             ... with a bolt of fire
             ... on level 5 of the Realm of Zot on Aug 22, 2019.
             The game lasted 02:51:46 (75109 turns).

Amplified the Slayer (Gargoyle Fighter)            Turns: 75109, Time: 02:51:46

Health: -6/173     AC: 50    Str: 23    XL:     27
Magic:  44/47      EV: 15    Int: 23    God:    the Shining One [*****.]
Gold:   4247       SH: 22    Dex: 10    Spells: 37/67 levels left

rFire    + + .     SeeInvis +   b - +8 broad axe (holy)
rCold    + + .     Gourm    .   c - +5 shield
rNeg     + + +     Faith    .   y - +1 pearl dragon scales of the Midnight Sun {+Inv +Fly rC+ rN+}
rPois    ∞         Spirit   .   U - +1 hat of Filth {*Contam rElec Str+3 SInv}
rElec    +         Reflect  +   L - +2 cloak {rF+}
rCorr    +         Harm     .   z - +2 pair of gloves {archery}
MR       +++..                  q - +1 pair of boots "Innuid" {MR+ rCorr}
Stlth    ..........             J - +3 amulet of reflection
HPRegen  0.38/turn              s - ring of protection from fire
MPRegen  0.30/turn              Y - ring of Light {Wiz rC+ Int+2}

@: flying, glowing, studying Stealth
A: big wings, fangs 1, slimy green scales 1, blurry vision 2, frail 1, negative
energy resistance 1, sense surroundings 2, electricity resistance, unbreathing,
petrification resistance, rot immunity, subdued magic 1, sturdy frame 1, AC +20
}: 5/15 runes: decaying, slimy, silver, abyssal, gossamer
a: Stop Flying, Divine Shield, Cleansing Flame, Summon Divine Warrior, Renounce
Religion, Evoke Invisibility


You were on level 5 of the Realm of Zot.
You worshipped the Shining One.
The Shining One was extremely pleased with you.
You were full.

You visited 12 branches of the dungeon, and saw 58 of its levels.
You visited the Abyss 4 times.
You also visited: Sewer, Volcano and Wizlab.

You collected 9810 gold pieces.
You spent 5563 gold pieces at shops.

Inventory:

Hand Weapons
 b - a +8 broad axe of holy wrath (weapon)
 H - the +8 morningstar "Spider's Death Toll" {speed, rPois Str+5}
   (You took it off a deep elf knight on level 3 of the Elven Halls)

   Attacks with this weapon are significantly faster.
   It affects your strength (+5).
   It protects you from poison.
 K - a +0 eveningstar of freezing
Armour
 c - a +5 shield (worn)
 e - a +2 ring mail of fire resistance
 q - the +1 pair of boots "Innuid" (worn) {MR+ rCorr}
   (You found it on level 3 of the Elven Halls)

   It affects your resistance to hostile enchantments.
   It provides partial protection from all sources of acid and corrosion.
 y - the +1 pearl dragon scales of the Midnight Sun (worn) {+Inv +Fly rC+ rN+}
   (You found it on level 1 of the Elven Halls)

   It protects you from cold.
   It protects you from negative energy.
   It lets you turn invisible.
   It lets you fly.
 z - a +2 pair of gloves of archery (worn)
 L - a +2 cloak of fire resistance (worn)
 T - the +3 leather armour "Luapof" {rF+ Str+4}
   (You found it on level 3 of the Elven Halls)

   It affects your strength (+4).
   It protects you from fire.
 U - the +1 hat of Filth (worn) {*Contam rElec Str+3 SInv}
   (You found it on level 3 of the Vaults)

   It affects your strength (+3).
   It insulates you from electricity.
   It lets you see invisible.
   It causes magical contamination when unequipped.
Jewellery
 f - the ring "Cyx Tim" {MP-9 Int+4 Dex+6 Stlth+}
   (You took it off a draconian monk on level 2 of the Realm of Zot)

   [ring of stealth]

   It affects your intelligence (+4).
   It affects your dexterity (+6).
   It affects your magic capacity (-9).
   It makes you more stealthy.
 s - a ring of protection from fire (left hand)
 B - an uncursed ring of protection from cold
 J - a +3 amulet of reflection (around neck)
 R - an uncursed ring of resist corrosion
 W - an uncursed amulet of the acrobat
 Y - the ring of Light (right hand) {Wiz rC+ Int+2}
   (You took it off a spriggan berserker on level 3 of the Depths)

   [ring of wizardry]

   It improves your spell success rate.
   It affects your intelligence (+2).
   It protects you from cold.
Wands
 g - a wand of acid (45)
 i - a wand of enslavement (21)
 l - a wand of scattershot (8)
 N - a wand of iceblast (61)
 S - a wand of disintegration (8)
 V - a wand of polymorph (7)
 Z - a wand of paralysis (17)
Scrolls
 a - 2 scrolls of summoning
 d - 3 scrolls of enchant armour
 h - 3 scrolls of silence
 k - 7 scrolls of fog
 r - 2 scrolls of blinking
 t - a scroll of identify
 v - a scroll of holy word
 A - 7 scrolls of teleportation
 C - 2 scrolls of fear
 F - 9 scrolls of amnesia
 O - 16 scrolls of remove curse
 Q - 7 scrolls of magic mapping
Potions
 j - 3 potions of haste
 n - 12 potions of brilliance
 o - 4 potions of magic
 w - 11 potions of mutation
 D - 7 potions of ambrosia
 I - a potion of cancellation
Books
 p - a manual of Stealth
Miscellaneous
 u - 4 phantom mirrors
Comestibles
 E - 17 rations


   Skills:
 - Level 25.0 Fighting
 - Level 17.0(18.1) Axes
 - Level 12.1(16.5) Maces & Flails
 - Level 13.7 Armour
 - Level 11.1 Dodging
 - Level 15.5 Shields
 * Level 20.8 Spellcasting
 * Level 18.5 Conjurations
 - Level 9.2 Summonings
 * Level 17.2 Fire Magic
 - Level 17.3 Invocations


You had 37 spell levels left.
You knew the following spells:

 Your Spells              Type           Power        Failure   Level  Hunger
a - Blink                 Tloc           N/A          1%          2    None
b - Aura of Abjuration    Summ           ######....   1%          5    None
c - Deflect Missiles      Chrm/Air       ###.......   85%         6    ###....
d - Fire Storm            Conj/Fire      ######....   58%         9    #######
e - Lehudib's Crystal Sp  Conj/Erth      ######....   83%         8    ######.

Your spell library contained the following spells:

 Spells                   Type           Power        Failure   Level  Hunger
 Flame Tongue             Conj/Fire      #####        0%          1    None
 Magic Dart               Conj           ####         0%          1    None
 Searing Ray              Conj           ######       0%          2    None
 Conjure Flame            Conj/Fire      ######..     0%          3    None
 Iskenderun's Mystic Bla  Conj           ######..     0%          4    None
 Animate Skeleton         Necr           N/A          1%          1    None
 Apportation              Tloc           ###...       1%          1    None
 Corona                   Hex            ###....      1%          1    None
 Infusion                 Chrm           ###.         1%          1    None
 Pain                     Necr           ###.         1%          1    None
 Sandblast                Erth           ###...       1%          1    None
 Shock                    Conj/Air       ####         1%          1    None
 Sting                    Conj/Pois      ####         1%          1    None
 Summon Butterflies       Summ           ######..     1%          1    None
 Summon Small Mammal      Summ           ####         1%          1    None
 Call Imp                 Summ           ######..     1%          2    None
 Ensorcelled Hibernation  Hex/Ice        ###...       1%          2    None
 Passwall                 Tmut/Erth      ###.....     1%          2    None
 Poisonous Vapours        Pois/Air       ###...       1%          2    None
 Shroud of Golubria       Chrm/Tloc      ###.......   1%          2    None
 Slow                     Hex            ###.....     1%          2    None
 Song of Slaying          Chrm           ###.....     1%          2    None
 Swiftness                Chrm/Air       ###.....     1%          2    None
 Dazzling Spray           Conj/Hex       ######       1%          3    None
 Ignite Poison            Fire/Tmut/Pois #####...     1%          3    None
 Inner Flame              Hex/Fire       #####...     1%          3    None
 Mephitic Cloud           Conj/Pois/Air  #####...     1%          3    None
 Recall                   Summ/Tloc      N/A          1%          3    None
 Static Discharge         Conj/Air       ######..     1%          3    None
 Stone Arrow              Conj/Erth      ######       1%          3    None
 Summon Guardian Golem    Hex/Summ       ####....     1%          3    None
 Force Lance              Conj/Tloc      ######..     1%          4    None
 Fulminant Prism          Conj/Hex       ######....   1%          4    None
 Summon Ice Beast         Ice/Summ       ####....     1%          4    None
 Summon Lightning Spire   Summ/Air       ####....     1%          4    None
 Bolt of Draining         Conj/Necr      ######....   1%          5    None
 Bolt of Magma            Conj/Fire/Erth ######....   1%          5    None
 Irradiate                Conj/Tmut      ######....   1%          5    None
 Iskenderun's Battlesphe  Conj/Chrm      ######..     1%          5    None
 Lightning Bolt           Conj/Air       ######....   1%          5    None
 Summon Demon             Summ           ######....   1%          5    None
 Venom Bolt               Conj/Pois      ######....   1%          5    None
 Bolt of Fire             Conj/Fire      ######....   1%          6    ###....
 Orb of Destruction       Conj           ######....   1%          7    #####..
 Confuse                  Hex            ###.....     3%          3    None
 Gell's Gravitas          Tloc           ###.......   3%          3    None
 Lesser Beckoning         Tloc           ###.......   3%          3    None
 Portal Projectile        Hex/Tloc       ###...       3%          3    None
 Regeneration             Chrm/Necr      ###.......   3%          3    None
 Spectral Weapon          Hex/Chrm       ###.....     3%          3    None
 Spider Form              Tmut/Pois      ###.......   3%          3    None
 Teleport Other           Tloc           ###.....     3%          3    None
 Tukima's Dance           Hex            ###.....     3%          3    None
 Vampiric Draining        Necr           ###.......   3%          3    None
 Bolt of Cold             Conj/Ice       ######....   3%          6    ###....
 Conjure Ball Lightning   Conj/Air       ######....   3%          6    ###....
 Iron Shot                Conj/Erth      ######....   3%          6    ###....
 Poison Arrow             Conj/Pois      ######....   3%          6    ###....
 Spellforged Servitor     Conj/Summ      ######....   3%          7    #####..
 Summon Forest            Summ/Tloc      ####......   4%          5    None
 Summon Mana Viper        Hex/Summ       ####....     4%          5    None
 Shadow Creatures         Summ           N/A          4%          6    ###....
 Ignition                 Fire           ######....   6%          8    ######.
 Airstrike                Air            ###.......   12%         4    None
 Animate Dead             Necr           N/A          12%         4    None
 Cause Fear               Hex            ###.......   12%         4    None
 Ice Form                 Ice/Tmut       ###.....     12%         4    None
 Leda's Liquefaction      Hex/Erth       ###.......   12%         4    None
 Passage of Golubria      Tloc           N/A          12%         4    None
 Petrify                  Tmut/Erth      ###.....     12%         4    None
 Freezing Cloud           Conj/Ice/Air   #####.....   13%         6    ###....
 Ring of Flames           Chrm/Fire      #####.....   28%         7    #####..
 Alistair's Intoxication  Tmut/Pois      ###.....     30%         5    None
 Borgnjor's Vile Clutch   Necr/Erth      ###.......   30%         5    None
 Dispel Undead            Necr           ###.....     30%         5    None
 Excruciating Wounds      Chrm/Necr      ###.......   30%         5    None
 Lee's Rapid Deconstruct  Erth           ###.......   30%         5    None
 Metabolic Englaciation   Hex/Ice        ###.......   30%         5    None
 Silence                  Hex/Air        ###.......   30%         5    None
 Yara's Violent Unravell  Hex/Tmut       ###.......   30%         5    None
 Haunt                    Necr/Summ      ####......   80%         7    #####..
 Chain Lightning          Conj/Air       ######....   83%         8    ######.
 Darkness                 Hex            ###.......   85%         6    ###....
 Dispersal                Tloc           ###.......   85%         6    ###....
 Hydra Form               Tmut           ###.......   85%         6    ###....
 Invisibility             Hex            ###.....     85%         6    ###....
 Ozocubu's Refrigeration  Ice            ###.......   85%         6    ###....
 Simulacrum               Ice/Necr       ###.......   85%         6    ###....
 Dragon Form              Tmut           ###.......   100%        7    #####..
 Borgnjor's Revivificati  Necr           ###.......   100%        8    ######.
 Death's Door             Chrm/Necr      ###.......   100%        8    ######.
 Discord                  Hex            ###.......   100%        8    ######.
 Infestation              Necr           ###.......   100%        8    ######.
 Necromutation            Tmut/Necr      ###.......   100%        8    ######.
 Dragon's Call            Summ           ######....   100%        9    #######
 Glaciate                 Conj/Ice       ######....   100%        9    #######
 Shatter                  Erth           ###.......   100%        9    #######
 Tornado                  Air            ###.......   100%        9    #######
 Sublimation of Blood     Necr           Unusable     N/A         2    N/A

Dungeon Overview and Level Annotations

Branches:
Dungeon (15/15)            Temple (1/1) D:4            Lair (6/6) D:9
  Swamp (4/4) Lair:4       Spider (4/4) Lair:4        Slime (5/5) Lair:5
    Orc (2/2) D:12            Elf (3/3) Orc:2        Vaults (5/5) D:14
  Crypt (3/3) Vaults:2       Tomb (0/3) Crypt:3      Depths (5/5) D:15
    Zot (5/5) Depths:5

Altars:
Ashenzari
Cheibriados
Dithmenos
Elyvilon
Fedhas
Gozag
Hepliaklqana
Kikubaaqudgha
Makhleb
Nemelex Xobeh
Okawaru
Qazlal
Ru
Sif Muna
Trog
Uskayaw
Vehumet
Wu Jian
Xom
Yredelemnul
Zin
The Shining One
Beogh
Jiyva

Shops:
D:4 [   D:9 (   Orc:2 [*(:(   Elf:2 [}}   Elf:3 %   Vaults:1 }   Vaults:2 :
Vaults:3 }   Vaults:5 [(}:   Depths:5 *

Portals:
Hell: Depths:1 Depths:2 Depths:3 Depths:4 Depths:5
Abyss: Depths:4
Pandemonium: Depths:3 Depths:5
Ziggurat: Depths:5
Trove: Vaults:4 (show abyssal rune of Zot)

Annotations:
D:4 Blork the orc
Spider:3 1 runed translucent door, grattegratte's ghost, adept GrEE
Slime:5 Zot, Hell, Pandemonium, Cleanse Mut, Scum End Spells
Orc:1 Fannar
Vaults:3 Vaults:4, Elf:3, Depths, Bless Weapon, Get ZiggStorm online
Zot:1 3 runed translucent doors, Ofaid's ghost, adept FeBe; reasonance's ghost, legendary DsFi
Zot:4 2 transporters, Netemen's ghost, master GnFi; Tiamat
Abyss:1 Kirke


Innate Abilities, Weirdness & Mutations

You are resistant to torment.
Your stone body is resilient. (AC +20)
You are immune to poison.
Your large and strong wings let you fly indefinitely.
You resist negative energy. (rN+)
You are resistant to electric shocks. (rElec)
You can survive without breathing.
You are immune to petrification.
You are immune to rotting.
You have very sharp teeth.
You are partially covered in slimy green scales. (AC +2)
Scrolls take you longer to read.
You are frail. (-10% HP)
You passively map the area around you.
Your spells are a little easier to cast, but a little less powerful.
Your movements are slightly less encumbered by armour. (ER -2)


Message History

The orb of fire glows bright magenta.
The bolt of fire hits you but does no damage.
The orb of fire glows red.
Strange energies course through your body.
Your vision blurs.
You block the Killer Klown's attack.
Unknown command.
Unknown command.
Casting: Blink (safe; 1% risk of failure)
Confirm with . or Enter, or press ? or * to list all spells.
Okay, then.
Casting: Blink (safe; 1% risk of failure)
Confirm with . or Enter, or press ? or * to list all spells.
You blink.
The orb of fire glows bright magenta.
The bolt of fire hits you!! You resist.
* * * LOW HITPOINT WARNING * * *
The orb of fire glows red.
The bolt of fire hits you! You resist.
You die...

,,,,,,,,*,..................,,,**
,,,,,,,,,......d.!..........,,**
,,,,,,,,*...................,,,**
,,,,,,,**........§..........,,,,*
,,,,,,***........*..........,,,,,
******* *.......p***^.......,,,,,
*#.......§..X.......,,,,*
*#▓......X.X.......,,,**
▓▓▓▓.@...........,,**
****▓▓▓▓▓▓▓▓##....,**
***,,,,,,,,,,,,,,...,,**
**,,,,**,,,,,,,,,,,..,,,**
********,,,***,,,,,,,,,,,,,.,,,,*
,,,,,,,,,,***,,,,,,,,,,,,,,,,,,,,
,,,,,,,,,** *,,,,,,,,,,,,,,,,,,,,
,,,,,,,,,* *,,,,,,,,,,,,,,,,,,,,
,,,,,,,,** *,,,,,,,,,,,,,,,,,,,,


You could see 4 orbs of fire, a Killer Klown, a white draconian and 3 Orb
Guardians.

Vanquished Creatures
  the Royal Jelly (Slime:5)
  4 ancient liches
  A juggernaut (Depths:3)
  Mara (Vaults:2)
  A Killer Klown (Zot:5)
  the Lernaean hydra (Swamp:4)
  Saint Roka (Crypt:3)
  2 caustic shrikes
  The ghost of Ukiefoc the Devastator, an adept DrFE of Vehumet (Vaults:2)
  6 golden dragons
  A profane servitor (Abyss:1)
  7 bone dragons
  An electric golem (Zot:1)
  6 liches
  A shard shrike zombie (Crypt:2)
  A Cloud Mage (WizLab)
  14 tentacled monstrosities
  3 deep elf blademasters
  5 quicksilver dragons
  20 acid blobs
  4 ancient champions
  3 Executioners
  A titan (Vaults:5)
  A deep elf master archer (Elf:3)
  17 tentacled starspawn
  Frances (D:13)
  8 death cobs
  6 sphinxes
  9 storm dragons
  Agnes (Spider:1)
  16 tengu reavers
  4 thorn hunters
  10 shadow dragons
  A daeva (Abyss:4)
  10 draconian monks
  12 azure jellies
  9 frost giants
  16 fire giants
  4 revenants
  A fire giant (shapeshifter) (D:14)
  11 draconian scorchers
  7 draconian knights
  2 cacodemons (Abyss:4)
  An orc warlord (Orc:2)
  A balrug (Abyss:4)
  A curse skull (Crypt:2)
  Louise (Elf:3)
  2 iron dragons
  5 ghost moths
  2 emperor scorpions (Spider:4)
  11 vault wardens
  Aizul (Swamp:3)
  4 ghouls
  6 draconian shifters
  5 draconian stormcallers
  3 deep elf elementalists
  8 deep elf sorcerers
  26 very ugly things
  An angel (Abyss:1)
  7 war gargoyles
  8 draconian annihilators
  16 ironheart preservers
  8 entropy weavers
  21 stone giants
  9 vampire knights
  5 deep elf demonologists
  8 green draconians
  6 deep elf annihilators
  A lorocyproca (Abyss:4)
  9 black draconians
  Azrael (Abyss:1)
  11 white draconians
  7 purple draconians
  12 red draconians
  7 yellow draconians
  13 spark wasps
  13 deep elf death magi
  17 ettins
  11 fire dragons
  13 jiangshi
  5 eidola
  Snorg (D:11)
  2 mummy priests (Crypt:3)
  9 death oozes (Slime:5)
  2 blizzard demons (WizLab)
  29 vault guards
  12 rakshasas
  3 deep elf high priests
  16 great orbs of eyes
  15 yaktaur captains
  2 quicksilver dragon skeletons
  16 ice dragons
  Erolcha (Orc:1)
  4 spriggan air magi
  4 shambling mangroves
  6 ghost crabs
  A hell beast (Depths:1)
  19 hydras
  A catoblepas (Abyss:3)
  7 death knights
  12 centaur warriors
  10 deep troll shamans
  35 dancing weapons
  8 alligators
  A titan zombie (Crypt:2)
  10 two-headed ogres
  2 death yaks (Lair:6)
  3 hell hogs (Abyss:2)
  10 ogre magi
  2 satyrs (Abyss:4)
  3 deep troll earth magi
  7 vampire magi
  2 tengu warriors
  4 shock serpents (WizLab)
  21 thrashing horrors
  A shock serpent (shapeshifter) (Vaults:3)
  10 spriggan berserkers
  43 large abominations
  2 orc high priests (Orc:2)
  A sun demon (Abyss:1)
  6 soul eaters
  A fire crab (shapeshifter) (Vaults:4)
  25 deep elf knights
  12 sixfirhies
  13 wretched stars
  30 skeletal warriors
  A spectral ghost moth (Crypt:3)
  6 shadow wraiths
  2 storm dragon skeletons
  A golden dragon zombie (Crypt:2)
  8 glowing orange brains
  12 hell knights
  6 flayed ghosts
  3 unseen horrors
  2 anaconda zombies
  15 deep trolls
  6 wizards
  A shadow demon (Abyss:4)
  13 swamp dragons
  2 spriggan druids
  7 death drakes
  7 spatial maelstroms
  A shadow dragon zombie (Crypt:1)
  10 phantasmal warriors
  9 deep elf archers
  A wolf spider zombie (Abyss:4)
  2 anaconda skeletons (Crypt:1)
  34 orb spiders
  19 ironbrand convokers
  A mana viper (Abyss:4)
  15 orc knights
  15 harpies
  8 necromancers
  8 orc sorcerers
  A frost giant zombie (Crypt:1)
  4 oklob plants (Lair:5)
  37 wolf spiders
  A statue (Abyss:4)
  81 deep elf magi
  An iron dragon zombie (Vaults:5)
  8 shining eyes
  3 cyclopes
  12 worldbinders
  26 ugly things
  21 moths of wrath
  An iron dragon skeleton (Crypt:1)
  A human zombie (Vaults:5)
  2 fire giant skeletons
  A dire elephant zombie (Abyss:4)
  A rust devil (Depths:1)
  4 eyes of devastation
  3 elephants
  2 water nymphs (Abyss:4)
  A human skeleton (Vaults:1)
  A guardian serpent (shapeshifter) (Depths:3)
  10 vault sentinels
  A draconian skeleton (Zot:1)
  Psyche (D:11)
  6 black mambas
  A centaur zombie (D:15)
  2 torpor snails (Spider:1)
  A guardian serpent (Elf:1)
  4 gargoyles
  8 apocalypse crabs
  4 orange demons
  A storm dragon simulacrum (Vaults:3)
  21 smoke demons
  2 molten gargoyles (Lair:6)
  15 spiny frogs
  4 hellions
  A rime drake (shapeshifter) (Vaults:3)
  3 centaur skeletons
  A dire elephant skeleton (Crypt:1)
  30 yaktaurs
  4 rime drakes
  5 efreet
  6 komodo dragons
  2 kobold demonologists
  A purple draconian zombie (Crypt:3)
  A black draconian zombie (Zot:1)
  21 demonic crawlers
  A hellwing (Abyss:4)
  2 white draconian skeletons (Crypt:1)
  10 freezing wraiths
  2 tormentors
  A tengu conjurer (Depths:1)
  A yaktaur (shapeshifter) (Abyss:4)
  4 guardian mummies (Crypt:3)
  A harpy zombie (Vaults:1)
  3 red devils
  19 ancient zymes
  A jumping spider (shapeshifter) (Depths:5)
  3 meliai (Spider:2)
  15 hornets
  8 trolls
  10 tyrant leeches
  44 jumping spiders
  2 harpy skeletons
  31 raiju
  A hydra skeleton (Abyss:4)
  A snapping turtle (shapeshifter) (Depths:5)
  2 wind drakes
  A meliai zombie (D:15)
  A raiju (shapeshifter) (Abyss:4)
  A fire giant simulacrum (Crypt:2)
  79 slime creatures
  15 bog bodies
  A fire dragon zombie (Crypt:2)
  5 hippogriffs
  3 frost giant simulacra (Abyss:4)
  An ettin zombie (Abyss:4)
  9 air elementals
  11 blink frogs
  71 flying skulls
  2 ice dragon zombies
  A stone giant simulacrum (Abyss:4)
  8 shadows
  34 tarantellas
  14 water elementals
  14 wraiths
  102 redbacks
  A tarantella (shapeshifter) (Depths:3)
  7 wyverns
  A wyvern (shapeshifter) (Vaults:5)
  16 ynoxinuls
  A yak (shapeshifter) (Depths:3)
  11 fire bats
  5 spriggans
  5 basilisks
  21 yaks
  12 golden eyes
  11 neqoxecs
  A redback simulacrum (D:12)
  A steam dragon (Lair:6)
  An elf skeleton (Vaults:1)
  9 fire elementals
  3 hogs (Lair:4)
  3 hungry ghosts
  2 golden eyes (shapeshifter)
  7 spatial vortices (Abyss:4)
  16 chaos spawn
  31 vampire mosquitoes
  9 wargs
  A soldier ant (shapeshifter) (Depths:3)
  12 insubstantial wisps
  A deep troll zombie (Vaults:5)
  19 swamp worms
  2 acid dragons
  5 hell hounds
  A spiny frog zombie (Crypt:1)
  7 porcupines
  A soldier ant (D:9)
  A torturous demonspawn skeleton (Crypt:2)
  A floating eye (shapeshifter) (Vaults:5)
  5 water moccasins
  3 floating eyes
  A merfolk skeleton (Crypt:2)
  2 black bears (D:9)
  An ettin simulacrum (Vaults:3)
  5 eyes of draining
  A hornet zombie (Crypt:1)
  A manticore zombie (Abyss:4)
  14 swamp drakes
  5 necrophages
  A dream sheep zombie (Crypt:2)
  6 ice beasts
  31 orc warriors
  4 sky beasts
  A phantom (D:7)
  A snapping turtle zombie (Crypt:1)
  29 ogres
  A wolf (shapeshifter) (Vaults:5)
  8 boggarts
  A wolf (D:9)
  22 centaurs
  16 crocodiles
  3 big kobolds
  16 bullfrogs
  A glowing shapeshifter simulacrum (Vaults:5)
  A yaktaur skeleton (Crypt:1)
  37 small abominations
  A warg zombie (Crypt:2)
  3 scorpions
  A wyvern skeleton (D:4)
  12 killer bees
  3 howler monkeys
  A spriggan skeleton (Crypt:1)
  2 vampire bats (Lair:5)
  8 electric eels
  6 lava snakes
  5 crimson imps
  103 starcursed masses
  A jelly (Abyss:1)
  4 quasits
  A yaktaur simulacrum (Vaults:1)
  4 bullfrog zombies
  A hound (shapeshifter) (Vaults:5)
  11 orc priests
  3 bullfrog skeletons
  10 hounds
  9 iron imps
  23 orc wizards
  7 iguanas
  Terence (D:3)
  An iguana (shapeshifter) (Vaults:1)
  11 worker ants
  Natasha (thrice) (D:3)
  7 hell rats (Lair:4)
  A porcupine skeleton (Crypt:1)
  A sky beast zombie (Crypt:2)
  A dwarf skeleton (Crypt:2)
  A worker ant zombie (D:7)
  4 gnolls (D:9)
  20 adders
  3 shadow imps
  5 white imps
  9 ufetubi
  5 oozes
  2 adder skeletons
  7 worms
  2 dart slugs
  9 leopard geckos
  73 orcs
  3 ball pythons
  A bat skeleton (Crypt:1)
  6 giant cockroaches
  6 hobgoblins
  4 jackals (Sewer)
  5 quokkas
  2 river rat zombies
  21 bats
  6 frilled lizards
  A giant cockroach zombie (D:5)
  13 goblins
  A jackal skeleton (D:5)
  19 kobolds
  13 rats
  A spectral orc (D:7)
  6 crawling corpses (Vaults:5)
  28 starspawn tentacles
3023 creatures vanquished.

Vanquished Creatures (collateral kills)
  Khufu (Crypt:3)
  2 profane servitors
  A bone dragon (Crypt:3)
  An Ice Fiend (Zot:2)
  A tentacled starspawn (Abyss:2)
  A daeva (Abyss:2)
  A deep elf death mage (Crypt:3)
  5 jiangshi (Crypt:3)
  A yaktaur captain (Vaults:2)
  A centaur warrior (D:14)
  A dancing weapon (Elf:2)
  5 deep elf knights (Elf:2)
  A soul eater (Abyss:2)
  3 skeletal warriors (Vaults:2)
  A shadow wraith (Crypt:3)
  A sixfirhy (Abyss:2)
  A wizard (Vaults:2)
  4 deep elf magi (Elf:2)
  A freezing wraith (Crypt:3)
  4 yaktaurs (Vaults:2)
  2 guardian mummies (Crypt:3)
  A vampire (Abyss:2)
  A chaos spawn (Abyss:2)
  A large abomination (Abyss:2)
  A fungus (Swamp:4)
  A starspawn tentacle (Abyss:2)
44 creatures vanquished.

Vanquished Creatures (others)
  A deep elf master archer (Elf:3)
  2 tentacled starspawn
  A thorn hunter (Lair:4)
  A shadow dragon (Zot:1)
  4 stone giants
  A spark wasp (WizLab)
  A fire dragon (Lair:6)
  A blizzard demon (WizLab)
  3 yaktaur captains
  A hydra (Lair:6)
  A centaur warrior (Depths:2)
  A two-headed ogre (D:10)
  A hell hog (Abyss:2)
  2 death yaks (Lair:6)
  A spatial maelstrom (Abyss:4)
  2 unseen horrors
  A flayed ghost (Vaults:5)
  4 deep elf archers
  A swamp dragon (Swamp:1)
  An orc knight (Orc:2)
  A deep elf mage (Vaults:5)
  2 wolf spiders (Spider:4)
  A shock serpent zombie (Crypt:1)
  3 elephants (Lair:6)
  A guardian serpent (Abyss:3)
  A cyclops (D:14)
  A torpor snail (Lair:2)
  2 black mambas (Lair:6)
  A gargoyle (Volcano)
  5 spiny frogs
  An efreet (D:13)
  A rime drake (Lair:3)
  4 komodo dragons
  A demonic crawler (Abyss:3)
  8 yaktaurs
  A guardian mummy (Crypt:3)
  An ancient zyme (Abyss:4)
  A hellwing (Abyss:4)
  A troll (Orc:1)
  2 hornets
  2 tyrant leeches
  A bog body (Swamp:1)
  A meliai zombie (D:15)
  2 slime creatures
  7 redbacks
  A vampire (Abyss:4)
  5 yaks
  A golden eye (Abyss:4)
  2 vampire mosquitoes
  A steam dragon (Lair:6)
  A spatial vortex (Abyss:4)
  A hell hound (D:14)
  A warg (D:12)
  A porcupine (Lair:3)
  5 orc warriors (Orc:2)
  3 large abominations (Abyss:4)
  5 ogres
  A phantom (D:7)
  3 black bears
  6 centaurs
  2 crocodiles (D:9)
  A big kobold (D:12)
  A bullfrog (Lair:1)
  An earth elemental (Volcano)
  A killer bee (D:12)
  An electric eel (Lair:3)
  2 lava snakes
  A starcursed mass (Abyss:4)
  2 orc priests
  A jelly (D:8)
  An iguana (D:5)
  6 orc wizards
  2 worker ants
  A small abomination (Abyss:4)
  A hound zombie (D:5)
  2 adders
  2 shadow imps
  A white imp (Orc:1)
  2 ball lightnings
  2 orcs
  3 briar patches (Swamp:2)
  19 fungi
  3 lurking horrors
  12 plants
  39 starspawn tentacles
  5 withered plants (Zot:1)
234 creatures vanquished.

Grand Total: 3301 creatures vanquished

Notes
Turn   | Place    | Note
-------+----------+-------------------------------------------
     0 | D:1      | Amplified the Gargoyle Fighter began the quest for the Orb.
     0 | D:1      | Reached XP level 1. HP: 14/14 MP: 1/1
   262 | D:1      | Reached XP level 2. HP: 19/19 MP: 2/2
   614 | D:1      | Reached XP level 3. HP: 20/24 MP: 3/3
   921 | D:2      | Reached skill level 4 in Fighting
   922 | D:2      | Reached XP level 4. HP: 23/29 MP: 4/4
  1517 | D:3      | Reached XP level 5. HP: 32/34 MP: 5/5
  1560 | D:3      | Found a sparkling altar of Nemelex Xobeh.
  1560 | D:3      | Found a shattered altar of Ashenzari.
  1565 | D:3      | Found a snail-covered altar of Cheibriados.
  1567 | D:3      | Found a sacrificial altar of Ru.
  1569 | D:3      | Found an ornate altar of the Wu Jian Council.
  1640 | D:3      | Noticed an ice beast
  1642 | D:3      | Gained mutation: Your body sometimes deteriorates upon
                  | taking damage. [potion of mutation]
  1642 | D:3      | Gained mutation: You are agile. (Dex +2) [potion of
                  | mutation]
  1642 | D:3      | Gained mutation: You are robust. (+10% HP) [potion of
                  | mutation]
  1653 | D:3      | Killed an ice beast
  1736 | D:3      | Noticed Natasha
  1740 | D:3      | Killed Natasha
  1740 | D:3      | Reached skill level 5 in Shields
  1740 | D:3      | Reached XP level 6. HP: 43/44 MP: 6/6
  1882 | D:3      | Reached skill level 5 in Fighting
  1996 | D:3      | Noticed Terence
  2010 | D:3      | Killed Terence
  2122 | D:3      | Noticed a moth of wrath
  2122 | D:3      | Noticed Natasha
  2132 | D:3      | Killed Natasha
  2134 | D:3      | Found a bloodstained altar of Trog.
  2227 | D:3      | Noticed Natasha
  2237 | D:3      | Killed Natasha
  2340 | D:4      | Reached XP level 7. HP: 40/48 MP: 7/7
  2345 | D:4      | Found a staircase to the Ecumenical Temple.
  2388 | Temple   | Entered the Ecumenical Temple
  2610 | D:4      | Noticed Blork the orc
  2742 | D:4      | Found Uselet's Armour Emporium.
  3039 | D:4      | Reached skill level 6 in Fighting
  3039 | D:4      | Reached skill level 5 in Maces & Flails
  3043 | D:4      | Found a hide-covered altar of Uskayaw.
  3154 | D:5      | Entered Level 5 of the Dungeon
  3343 | D:5      | Reached XP level 8. HP: 56/57 MP: 8/8
  3474 | D:5      | Found a shattered altar of Ashenzari.
  3588 | D:5      | Found an ancient bone altar of Kikubaaqudgha.
  3653 | D:5      | Found an opulent altar of Gozag.
  3720 | D:5      | Found an iron altar of Okawaru.
  3731 | D:5      | Found a glowing drain.
  3740 | Sewer    | Entered a sewer
  4179 | D:5      | Reached skill level 7 in Fighting
  4433 | D:6      | Reached XP level 9. HP: 51/64 MP: 9/9
  4542 | D:6      | Reached skill level 8 in Fighting
  4557 | D:6      | Found a bloodstained altar of Trog.
  5069 | D:7      | Found a basalt altar of Yredelemnul.
  5536 | D:8      | Reached skill level 9 in Fighting
  5625 | D:8      | Found an ornate altar of the Wu Jian Council.
  5832 | D:8      | Reached XP level 10. HP: 61/72 MP: 10/10
  5905 | D:8      | Found a hazy altar of Hepliaklqana.
  6203 | D:9      | Found Bizxump's Weapon Emporium.
  6346 | D:9      | Reached skill level 10 in Fighting
  6416 | D:9      | Found a staircase to the Lair.
  6773 | D:9      | Found a glowing golden altar of the Shining One.
  6776 | D:9      | Became a worshipper of the Shining One
  7125 | D:10     | Entered Level 10 of the Dungeon
  7210 | D:10     | Noticed a tengu warrior
  7354 | D:10     | Noticed a two-headed ogre
  7359 | D:10     | Banished a two-headed ogre
  7359 | D:10     | Reached skill level 11 in Fighting
  7359 | D:10     | Reached skill level 10 in Maces & Flails
  8665 | D:11     | Noticed Psyche
  8668 | D:11     | Killed Psyche
  8734 | D:11     | Noticed Snorg
  8797 | D:11     | Noticed a gargoyle
  8802 | D:11     | Reached XP level 11. HP: 64/81 MP: 11/11
  8948 | D:11     | Killed Snorg
  8948 | D:11     | Reached skill level 12 in Fighting
  9228 | D:11     | Noticed Maurice
  9338 | D:11     | Noticed Maurice
  9338 | D:11     | Maurice changed into Maurice the worm
  9341 | D:11     | Killed Maurice the worm
  9523 | D:12     | Reached * piety under the Shining One
  9535 | D:12     | Found a staircase to the Orcish Mines.
  9586 | D:12     | Noticed an unseen horror
  9595 | D:12     | Banished an unseen horror
  9762 | D:12     | Noticed an eight-headed hydra
  9762 | D:12     | Reached ** piety under the Shining One
  9770 | D:12     | Killed an eight-headed hydra
  9972 | D:12     | Reached skill level 13 in Fighting
 10095 | D:12     | Noticed a death knight
 10324 | D:13     | Noticed a white ugly thing
 10419 | D:13     | Noticed an unseen horror
 10432 | D:13     | Banished an unseen horror
 10432 | D:13     | Reached XP level 12. HP: 58/92 MP: 12/12
 10568 | D:13     | Noticed Frances
 10805 | Lair:1   | Entered Level 1 of the Lair of Beasts
 10826 | Lair:1   | Learned a level 2 spell: Blink
 10962 | Lair:1   | Reached skill level 5 in Armour
 11028 | Lair:1   | Reached *** piety under the Shining One
 11270 | Lair:1   | Found a dark tunnel.
 11277 | Lair:1   | Reached skill level 10 in Shields
 11286 | Volcano  | Entered a volcano
 11451 | Volcano  | Found a burning altar of Makhleb.
 11471 | Volcano  | Noticed a stone giant
 11476 | Volcano  | Banished a stone giant
 12207 | Lair:2   | Noticed a five-headed hydra
 12266 | Lair:2   | Learned a level 5 spell: Aura of Abjuration
 12499 | Lair:2   | Killed a five-headed hydra
 12884 | Lair:3   | Reached XP level 13. HP: 79/96 MP: 13/13
 13999 | Lair:4   | Reached **** piety under the Shining One
 14115 | Lair:4   | Found a hole to the Spider Nest.
 14413 | Lair:4   | You fall through a shaft for 2 floors!
 14413 | Lair:6   | Entered Level 6 of the Lair of Beasts
 14562 | Lair:6   | Reached skill level 15 in Shields
 14732 | Lair:6   | Reached skill level 1 in Dodging
 15398 | Lair:6   | Noticed a fire dragon
 15399 | Lair:6   | Found a large runed translucent door.
 15399 | Lair:6   | Found a large runed translucent door.
 15535 | Lair:6   | Gained mutation: Your large and strong wings let you fly
                  | indefinitely. [Gargoyle growth]
 15535 | Lair:6   | Reached XP level 14. HP: 69/104 MP: 14/14
 16073 | Lair:5   | You are sucked into a shaft!
 16274 | Lair:5   | Reached ***** piety under the Shining One
 16435 | Lair:5   | Found a staircase to the Slime Pits.
 16526 | Lair:4   | Reached skill level 14 in Fighting
 16539 | Lair:4   | Noticed Kirke
 16552 | Lair:4   | Banished Kirke
 16927 | Lair:4   | Found a staircase to the Swamp.
 17331 | Orc:1    | Entered Level 1 of the Orcish Mines
 17415 | Orc:1    | Found a roughly hewn altar of Beogh.
 17517 | Orc:1    | Noticed Erolcha
 17528 | Orc:2    | Entered Level 2 of the Orcish Mines
 17545 | Orc:2    | Found Lycwi's Antique Weapon Shop.
 17618 | Orc:2    | Bought a glowing executioner's axe for 416 gold pieces
 17652 | Orc:2    | Found Odyphone's Book Emporium.
 17670 | Orc:2    | Found Weoziw's Antique Weapon Shop.
 17754 | Orc:2    | Bought a glowing morningstar for 161 gold pieces
 17810 | Orc:2    | Reached skill level 5 in Dodging
 17830 | Orc:2    | Found a staircase to the Elven Halls.
 17834 | Orc:2    | Paralysed by an orc sorcerer for 5 turns
 17976 | Orc:2    | Paralysed by an orc sorcerer for 6 turns
 18024 | Orc:2    | Noticed an orc warlord
 18027 | Orc:2    | Found a shimmering altar of Xom.
 18076 | Orc:2    | Paralysed by an orc sorcerer for 7 turns
 18607 | Orc:2    | Killed an orc warlord
 18636 | Orc:2    | Found Yhaffyt's General Store.
 18656 | Orc:2    | Bought a scroll of teleportation for 33 gold pieces
 18656 | Orc:2    | Bought a scroll of fog for 22 gold pieces
 18656 | Orc:2    | Bought a potion of agility for 44 gold pieces
 18738 | Orc:2    | Found Oqeiv's Antique Armour Boutique.
 18759 | Orc:2    | Bought a pair of glowing gloves for 232 gold pieces
 19203 | Orc:1    | Paralysed by an orc sorcerer for 7 turns
 19209 | Orc:1    | Noticed Fannar
 19218 | Elf:1    | Entered Level 1 of the Elven Halls
 19624 | Orc:1    | Killed Erolcha
 19801 | Orc:1    | You are sucked into a shaft!
 20417 | D:13     | Killed Frances
 20475 | D:14     | Noticed Azrael
 20524 | D:14     | Reached skill level 10 in Armour
 20822 | D:14     | You are sucked into a shaft!
 20822 | D:15     | Entered Level 15 of the Dungeon
 20894 | D:15     | Reached XP level 15. HP: 80/111 MP: 15/15
 20919 | D:15     | Found a staircase to the Depths.
 20994 | D:15     | Paralysed by a wizard for 5 turns
 21022 | D:15     | Reached skill level 1 in Spellcasting
 21390 | D:14     | Got a scorched rapier
 21598 | D:14     | Found a gate to the Vaults.
 21721 | D:14     | Banished Azrael
 21892 | D:14     | Noticed an iron giant
 22234 | D:12     | Identified the +2 rapier of the Median {antimagic, rElec
                  | rF+ MR+} (You found it on level 14 of the Dungeon)
 22550 | Swamp:1  | Entered Level 1 of the Swamp
 22550 | Swamp:1  | Noticed a thorn hunter
 22570 | Lair:4   | Banished a thorn hunter
 22570 | Lair:4   | Reached skill level 1 in Invocations
 23010 | Swamp:1  | Identified a scroll of acquirement
 23073 | Swamp:1  | Reached ****** piety under the Shining One
 23101 | Swamp:1  | Found the +9 staff of Wucad Mu {channel}
 23644 | Swamp:2  | Noticed a thorn hunter
 23668 | Swamp:1  | Killed a thorn hunter
 23678 | Swamp:1  | Reached skill level 15 in Fighting
 23976 | Swamp:2  | Noticed a thorn hunter
 24007 | Swamp:2  | Killed a thorn hunter
 24329 | Swamp:2  | Reached skill level 5 in Spellcasting
 24329 | Swamp:2  | Reached skill level 5 in Invocations
 24869 | Swamp:2  | Got an encrusted scale mail
 24870 | Swamp:2  | Identified the +1 scale mail "Wyaw" {MR+ Int+3} (You found
                  | it on level 2 of the Swamp)
 25789 | Elf:1    | Found a radiant altar of Vehumet.
 26155 | Elf:1    | Reached XP level 16. HP: 118/118 MP: 25/25
 26168 | Elf:1    | Found a deep blue altar of Sif Muna.
 26293 | Elf:2    | Found Syepua's Antique Armour Emporium.
 26533 | Elf:2    | Noticed a deep elf blademaster
 26550 | Elf:2    | Killed a deep elf blademaster
 26826 | Elf:2    | Found a huge runed translucent gate.
 26826 | Elf:2    | Found a huge runed translucent gate.
 26826 | Elf:2    | Found a huge runed translucent gate.
 26827 | Elf:2    | Found a huge runed translucent gate.
 26828 | Elf:2    | Found a huge runed translucent gate.
 27636 | Elf:2    | Bought a heavily runed chain mail for 294 gold pieces
 27636 | Elf:2    | Bought a pair of embroidered boots for 232 gold pieces
 27665 | Elf:2    | Identified the cursed +0 chain mail "Unougih" {+Fly Dex+2}
                  | (You bought it in a shop on level 2 of the Elven Halls)
 28251 | Elf:2    | Found Uder's Gadget Shop.
 28252 | Elf:2    | Found Ruekul's Jewellery Shoppe.
 28254 | Elf:2    | Found Ronecs Ciqy's Gadget Shop.
 28267 | Elf:2    | Bought a wand of digging (3) for 210 gold pieces
 28271 | Elf:2    | Bought a wand of digging (4) for 320 gold pieces
 28271 | Elf:2    | Bought a wand of acid (11) for 600 gold pieces
 28417 | Elf:3    | Entered Level 3 of the Elven Halls
 28426 | Elf:3    | Found Iloarigi's Food Shop.
 28815 | Elf:1    | Reached skill level 16 in Fighting
 28975 | Elf:1    | Reached skill level 1 in Summonings
 29013 | Elf:1    | Noticed Nikola
 29091 | Elf:1    | Got polished pearl dragon scales
 29102 | Elf:1    | Identified the +1 pearl dragon scales of the Midnight Sun
                  | {+Inv +Fly rC+ rN+} (You found it on level 1 of the Elven
                  | Halls)
 29468 | Elf:1    | Reached XP level 17. HP: 111/126 MP: 30/30
 29714 | Elf:2    | Bought a crude robe for 176 gold pieces
 29724 | Elf:2    | Identified the +0 robe "Vegup" {rElec SInv} (You bought it
                  | in a shop on level 2 of the Elven Halls)
 30075 | Spider:1 | Entered Level 1 of the Spider Nest
 30311 | Spider:1 | Reached skill level 10 in Spellcasting
 30426 | Spider:1 | Reached skill level 5 in Summonings
 30575 | Spider:1 | Noticed Agnes
 30588 | Spider:1 | Killed Agnes
 32238 | Spider:3 | Reached XP level 18. HP: 133/134 MP: 27/33
 32590 | Spider:3 | Found a runed translucent door.
 32592 | Spider:3 | Found a shimmering altar of Xom.
 32592 | Spider:3 | Noticed grattegratte's ghost (adept GrEE)
 32796 | Spider:4 | Entered Level 4 of the Spider Nest
 32852 | Spider:4 | Reached skill level 17 in Fighting
 33543 | Spider:4 | Reached skill level 10 in Invocations
 34216 | Spider:4 | Got a gossamer rune of Zot
 34794 | Swamp:3  | Noticed Aizul
 34813 | Swamp:3  | Killed Aizul
 34948 | Swamp:3  | Reached XP level 19. HP: 62/140 MP: 34/36
 35635 | Swamp:4  | Entered Level 4 of the Swamp
 35775 | Swamp:4  | Identified the +5 trident of Tenacity {antimagic, *Slow rC+
                  | rN++ MR+} (You found it on level 4 of the Swamp)
 36547 | Swamp:4  | Identified the Guide on Intoxication and Companions
 36563 | Swamp:4  | Noticed the 27-headed Lernaean hydra
 36575 | Swamp:4  | Killed the 27-headed Lernaean hydra
 36588 | Swamp:4  | Got a decaying rune of Zot
 38123 | Vaults:1 | Entered Level 1 of the Vaults
 38151 | Vaults:1 | Reached skill level 18 in Fighting
 38170 | Vaults:1 | Found Aloonouwao's Gadget Shop.
 38568 | Vaults:2 | Got a crude shortbow
 38569 | Vaults:2 | Identified the +8 shortbow of Roruylof {flame, rF+ rN+}
                  | (You found it on level 2 of the Vaults)
 38709 | Vaults:2 | Cast into level 2 of the Abyss (a wizard)
 38945 | Abyss:2  | Noticed a profane servitor
 38969 | Abyss:2  | Killed a profane servitor
 39012 | Abyss:2  | Reached XP level 20. HP: 122/149 MP: 38/38
 39104 | Vaults:2 | Escaped the Abyss
 39156 | Vaults:2 | Found Amiutrin's Book Emporium.
 39336 | Vaults:2 | Found a staircase to the Crypt.
 39341 | Crypt:1  | Entered Level 1 of the Crypt
 39432 | Crypt:1  | Reached skill level 10 in Dodging
 39688 | Crypt:1  | You are sucked into a shaft!
 39948 | Crypt:1  | Paralysed by a vampire knight for 4 turns
 40078 | Crypt:2  | Cast into level 2 of the Abyss (skeletal warrior)
 40078 | Abyss:2  | Found a corrupted altar of Lugonu.
 40220 | Crypt:2  | Escaped the Abyss
 40234 | Crypt:2  | Reached skill level 19 in Fighting
 40399 | Crypt:3  | Entered Level 3 of the Crypt
 40807 | Crypt:3  | Noticed Saint Roka
 40856 | Crypt:3  | Killed Saint Roka
 40856 | Crypt:3  | Reached XP level 21. HP: 109/158 MP: 25/39
 40912 | Crypt:3  | Found an ancient bone altar of Kikubaaqudgha.
 41017 | Crypt:3  | Paralysed by a vampire knight for 5 turns
 41141 | Crypt:3  | Identified the ring of the Ageless Gods {rN+ Dex+5}
 41143 | Crypt:3  | Identified the ring of Yxkuptef {rElec rN+ Dex+6}
 41351 | Crypt:3  | Noticed Khufu
 41707 | Crypt:3  | Identified Xuczamm's Compendium of Evil Secrets
 41723 | Crypt:3  | Noticed a profane servitor
 41761 | Crypt:3  | Killed a profane servitor
 41772 | Crypt:3  | Noticed a bone dragon
 41783 | Crypt:3  | Killed a bone dragon
 42018 | Crypt:3  | Reached skill level 15 in Invocations
 42102 | Crypt:3  | Killed Khufu
 42110 | Crypt:3  | Found a staircase to the Tomb.
 42378 | Crypt:2  | Identified the +8 morningstar "Sumum" {crush, *Contam
                  | +Blink +Inv rN+++}
 42402 | Crypt:2  | Reached skill level 20 in Fighting
 43537 | Vaults:2 | Found a runed translucent door.
 43539 | Vaults:2 | Noticed Ukiefoc's ghost (adept DrFE)
 43556 | Vaults:2 | Noticed Mara
 43567 | Vaults:2 | Noticed Amplified's illusion
 43611 | Vaults:2 | Killed Mara
 44257 | Vaults:2 | Killed Ukiefoc's ghost
 44376 | Vaults:2 | Reached XP level 22. HP: 67/167 MP: 32/40
 45468 | Vaults:3 | Got a crude hat
 45469 | Vaults:3 | Identified the +1 hat of Filth {*Contam rElec Str+3 SInv}
                  | (You found it on level 3 of the Vaults)
 45704 | Vaults:3 | Learned a level 6 spell: Deflect Missiles
 45927 | Vaults:3 | Found Suet's Gadget Shop.
 46452 | Vaults:4 | Found a portal to a secret trove of treasure.
 47096 | Vaults:4 | Paralysed by an ogre mage for 4 turns
 47244 | Vaults:4 | Paralysed by a sphinx for 6 turns
 48043 | Vaults:1 | Reached skill level 15 in Spellcasting
 48074 | Vaults:1 | Reached XP level 23. HP: 154/173 MP: 42/42
 48500 | Orc:2    | Bought a book of Annihilations for 1656 gold pieces
 48510 | Orc:2    | Learned a level 9 spell: Fire Storm
 48519 | Orc:2    | Learned a level 8 spell: Lehudib's Crystal Spear
 49036 | Elf:3    | Reached skill level 1 in Conjurations
 49036 | Elf:3    | Reached skill level 1 in Fire Magic
 49501 | Elf:3    | Noticed Louise
 49502 | Elf:3    | Cast into level 2 of the Abyss (Louise)
 49685 | Abyss:2  | Reached skill level 21 in Fighting
 49765 | Abyss:2  | Identified the +6 large shield "Ditwoaru" {+Fly Regen+
                  | Str-5 Int-2}
 49950 | Elf:3    | Escaped the Abyss
 49965 | Elf:3    | Killed Louise
 50205 | Elf:3    | Got an ancient golden amulet
 50207 | Elf:3    | Got a twisted leather armour
 50218 | Elf:3    | Identified the +3 leather armour "Luapof" {rF+ Str+4} (You
                  | found it on level 3 of the Elven Halls)
 50219 | Elf:3    | Identified the amulet "Becwa" {+Rage MP+9} (You found it on
                  | level 3 of the Elven Halls)
 50228 | Elf:3    | Got a pair of smoking boots
 50229 | Elf:3    | Identified the +1 pair of boots "Innuid" {MR+ rCorr} (You
                  | found it on level 3 of the Elven Halls)
 50242 | Elf:3    | Identified the Reference Book on Transmigration
 50252 | Elf:3    | Got a translucent copper ring
 50253 | Elf:3    | Identified the ring "Tadulij" {-Tele MR- MP+9 Str+8 Stlth+}
                  | (You found it on level 3 of the Elven Halls)
 50256 | Elf:3    | Got a steaming ruby amulet
 50257 | Elf:3    | Identified the amulet of Qaute {Inacc Dex+2} (You found it
                  | on level 3 of the Elven Halls)
 50266 | Elf:3    | Identified the Handbook of Black Secrets
 50302 | Elf:3    | Identified the +8 morningstar "Spider's Death Toll" {speed,
                  | rPois Str+5}
 50331 | Elf:3    | Identified the +6 great sword of the Heavens {slice, Dex+4}
 50338 | Elf:3    | Reached skill level 5 in Conjurations
 50346 | Elf:3    | Identified the +1 great sword of Dithmenos's Wrath {vamp,
                  | rF- rN++ Dex+3}
 50706 | Depths:1 | Entered Level 1 of the Depths
 50713 | Depths:1 | Found a magical portal.
 50724 | Depths:1 | Reached skill level 5 in Fire Magic
 50818 | WizLab   | Entered The Chambers of the Cloud Mage
 51164 | WizLab   | Identified Sophisticated Witchcraft (You acquired it in a
                  | wizard's laboratory)
 51623 | WizLab   | Identified Sif Muna's Volume of Air
 51627 | WizLab   | Identified the Collected Works on Execration and the Escort
 51980 | Depths:1 | Found a gateway to Hell.
 52033 | Depths:1 | Reached XP level 24. HP: 180/184 MP: 37/43
 52168 | Depths:1 | Got a pair of distressingly furry boots
 52179 | Depths:1 | Identified the -5 pair of boots of the Townfolk {Int+3
                  | Dex+4} (You found it on level 1 of the Depths)
 52440 | Depths:1 | Reached skill level 22 in Fighting
 52702 | Depths:1 | Got a flickering marble ring
 52710 | Depths:1 | Got a scintillating platinum ring
 52713 | Depths:1 | Identified the ring "Xaugruib" {rCorr rElec rC- Int+6} (You
                  | found it on level 1 of the Depths)
 52715 | Depths:1 | Identified the ring "Ucouroig" {-Tele rF+ rC+ Str+4 SInv}
                  | (You found it on level 1 of the Depths)
 52977 | Depths:1 | Got a scorched longbow
 53545 | Depths:2 | Identified the +3 longbow "Obosif" {velocity, +Inv Dex-2
                  | SInv} (You found it on level 1 of the Depths)
 54029 | Depths:2 | You fall through a shaft!
 54620 | Depths:3 | Found a one-way gate leading to the halls of Pandemonium.
 54827 | Depths:3 | Found a blossoming altar of Fedhas.
 54828 | Depths:3 | Found an ornate altar of the Wu Jian Council.
 54828 | Depths:3 | Found a shattered altar of Ashenzari.
 54860 | Depths:3 | Paralysed by a floating eye for 4 turns
 55318 | Depths:3 | Reached skill level 23 in Fighting
 55350 | Depths:3 | Noticed a caustic shrike
 55352 | Depths:3 | Noticed a juggernaut
 55367 | Depths:3 | Killed a caustic shrike
 55384 | Depths:3 | Killed a juggernaut
 55423 | Depths:3 | Paralysed by a floating eye for 2 turns
 55494 | Depths:3 | Identified the ring of Light {Wiz rC+ Int+2}
 55502 | Depths:3 | Reached skill level 10 in Conjurations
 55523 | Depths:3 | Reached XP level 25. HP: 118/193 MP: 30/43
 56538 | Depths:4 | Reached skill level 10 in Fire Magic
 56794 | Depths:5 | Entered Level 5 of the Depths
 56910 | Depths:5 | Found a gateway to a ziggurat.
 56911 | Depths:5 | Paralysed by a floating eye for 3 turns
 56928 | Depths:5 | Paralysed by a floating eye for 2 turns
 57184 | Depths:5 | Reached skill level 24 in Fighting
 57356 | Depths:5 | Found Kamiw's General Store.
 57670 | Depths:5 | Found a gate to the Realm of Zot.
 58195 | Depths:4 | Found a one-way gate to the infinite horrors of the Abyss.
 58769 | Vaults:5 | Entered Level 5 of the Vaults
 58968 | Vaults:5 | Reached XP level 26. HP: 152/204 MP: 39/44
 59333 | Vaults:5 | Identified the +6 plate armour "Yrraute" {Str+4 Slay-5
                  | Stlth+}
 60087 | Vaults:5 | Identified the +3 scale mail of Refuge {rElec Regen+ Str+4
                  | Int+3}
 60202 | Vaults:5 | Found Ixikk's Gadget Boutique.
 60297 | Vaults:5 | Got a silver rune of Zot
 60320 | Vaults:5 | Reached skill level 25 in Fighting
 60715 | Vaults:5 | Identified the cursed +0 ring mail of Ycvy {rN+ MP+9} (You
                  | found it on level 5 of the Vaults)
 60727 | Vaults:5 | Identified the +1 scale mail "Muask" {rN++ Str+6 Stlth-}
                  | (You found it on level 5 of the Vaults)
 60757 | Vaults:5 | Identified the +2 cloak "Sybi" {rElec rPois Str+4 Int-2}
                  | (You found it on level 5 of the Vaults)
 60981 | Vaults:5 | Found Utioph's Antique Armour Shop.
 60986 | Vaults:5 | Bought a bloodstained robe for 222 gold pieces
 60986 | Vaults:5 | Identified the cursed +0 robe of the Monkey's Uncle {rCorr
                  | MP+9 Dex+2} (You bought it in a shop on level 5 of the
                  | Vaults)
 60991 | Vaults:5 | Found Meriliem's Antique Weapon Boutique.
 61023 | Vaults:5 | Found Iteil's Book Emporium.
 61028 | Vaults:5 | Bought a book of Power for 945 gold pieces
 61609 | Depths:4 | Voluntarily entered the Abyss.
 61631 | Abyss:1  | Killed Azrael
 61647 | Abyss:1  | Noticed an ancient lich
 61662 | Abyss:1  | Killed an ancient lich
 61662 | Abyss:1  | Reached XP level 27. HP: 212/212 MP: 45/45
 61734 | Abyss:1  | Found a corrupted altar of Lugonu.
 61821 | Abyss:1  | Reached skill level 5 in Axes
 62137 | Abyss:2  | Found a corrupted altar of Lugonu.
 62194 | Abyss:2  | Found a corrupted altar of Lugonu.
 62646 | Abyss:3  | Found a corrupted altar of Lugonu.
 62675 | Abyss:4  | Found a corrupted altar of Lugonu.
 62681 | Abyss:4  | Found a corrupted altar of Lugonu.
 62760 | Abyss:4  | Identified a +7 broad axe of holy wrath (a +5 vampiric
                  | broad axe blessed by the Shining One)
 62760 | Abyss:4  | Received a gift from the Shining One
 62846 | Abyss:4  | Reached skill level 10 in Axes
 62930 | Abyss:4  | Identified the +5 scale mail of a wizard's laboratory
                  | {Slay+2} (You found it on level 4 of the Abyss)
 63343 | Abyss:4  | Paralysed by accursed screaming for 1 turns
 63443 | Abyss:4  | Paralysed by accursed screaming for 2 turns
 63710 | Abyss:4  | Found a hide-covered altar of Uskayaw.
 64135 | Abyss:4  | Gained mutation: Your body often deteriorates upon taking
                  | damage. [a cacodemon]
 64138 | Abyss:4  | Lost mutation: You are robust. (+10% HP) [a neqoxec]
 64157 | Abyss:4  | Gained mutation: Scrolls take you a little longer to read.
                  | [a neqoxec]
 64215 | Abyss:4  | Paralysed by accursed screaming for 1 turns
 64343 | Abyss:4  | Reached skill level 15 in Axes
 64588 | Abyss:4  | Got an abyssal rune of Zot
 65025 | Abyss:4  | Paralysed by accursed screaming for 2 turns
 65148 | Depths:4 | Escaped the Abyss
 66074 | Slime:1  | Entered Level 1 of the Pits of Slime
 66085 | Slime:1  | Gained mutation: Your spells are a little easier to cast,
                  | but a little less powerful. [a shining eye]
 66119 | Slime:1  | Lost mutation: You are agile. (Dex +2) [a shining eye]
 66711 | Slime:3  | Gained mutation: You have a pair of small antennae on your
                  | head. [a shining eye]
 66716 | Slime:3  | Gained mutation: You occasionally shout uncontrollably at
                  | your foes. [a shining eye]
 66726 | Slime:5  | Entered Level 5 of the Pits of Slime
 67362 | Slime:4  | Lost mutation: You occasionally shout uncontrollably at
                  | your foes. [potion of mutation]
 67362 | Slime:4  | Lost mutation: Your body often deteriorates upon taking
                  | damage. [potion of mutation]
 67362 | Slime:4  | Lost mutation: You have a pair of small antennae on your
                  | head. [potion of mutation]
 67362 | Slime:4  | Gained mutation: Your magical capacity is low. (-10% MP)
                  | [potion of mutation]
 67362 | Slime:4  | Gained mutation: You evolve. [potion of mutation]
 67419 | Slime:5  | Found a viscous altar of Jiyva.
 67420 | Slime:5  | Noticed the Royal Jelly
 67489 | Slime:4  | Gained mutation: You are dopey. (Int -2) [a shining eye]
 67493 | Slime:4  | Gained mutation: You tend to lose your temper in combat. [a
                  | shining eye]
 68265 | Slime:5  | Gained mutation: Your spells are easier to cast, but less
                  | powerful. [a shining eye]
 68629 | Slime:5  | Killed the Royal Jelly
 68629 | Slime:5  | Reached skill level 15 in Conjurations
 68676 | Slime:5  | Gained mutation: You are frail. (-10% HP) [a shining eye]
 68703 | Slime:5  | Found the +8 trident of the Octopus King {venom, rElec
                  | rPois MR+}
 68730 | Slime:5  | Identified the +10 morningstar of the Rat {venom, +Blink
                  | rC+ rN++ MP-9 Str+2} (You found it on level 5 of the Pits
                  | of Slime)
 68740 | Slime:5  | Identified the +1 ring mail of Minor Irritation {rPois rC+
                  | MR- Str+6} (You found it on level 5 of the Pits of Slime)
 68764 | Slime:5  | Identified the +3 ring mail of the Elven Halls {rElec rPois
                  | MR++ Dex-4} (You found it on level 5 of the Pits of Slime)
 68797 | Slime:5  | Got a smoking garnet amulet
 68801 | Slime:5  | Got a slimy rune of Zot
 68874 | Slime:5  | Identified the amulet of Zoutalane {rPois Regen+ Dex+4}
                  | (You found it on level 5 of the Pits of Slime)
 68876 | Slime:5  | Identified the +2 robe of Xume {*Contam rElec Int+5} (You
                  | found it on level 5 of the Pits of Slime)
 69435 | Depths:3 | Got a faintly humming chain mail
 69446 | Depths:3 | Identified the +1 chain mail of Picuen {+Inv} (You found it
                  | on level 3 of the Depths)
 69462 | Depths:3 | Lost mutation: You tend to lose your temper in combat.
                  | [potion of mutation]
 69462 | Depths:3 | Lost mutation: Your spells are easier to cast, but less
                  | powerful. [potion of mutation]
 69462 | Depths:3 | Lost mutation: Your magical capacity is low. (-10% MP)
                  | [potion of mutation]
 69462 | Depths:3 | Gained mutation: You are clumsy. (Dex -2) [potion of
                  | mutation]
 69462 | Depths:3 | Gained mutation: You are partially covered in slimy green
                  | scales. (AC +2) [potion of mutation]
 69533 | Zot:1    | Entered Level 1 of the Realm of Zot
 69533 | Zot:1    | Noticed an ancient lich
 69549 | Zot:1    | Noticed an ancient lich
 69560 | Zot:1    | Killed an ancient lich
 69565 | Zot:1    | Killed an ancient lich
 69689 | Zot:1    | Gained mutation: You have very sharp teeth. [evolution]
 69689 | Zot:1    | Lost mutation: You evolve. [end of evolution]
 69888 | Zot:1    | Found a runed translucent gate.
 69888 | Zot:1    | Found a runed translucent gate.
 70114 | Zot:1    | Reached skill level 15 in Fire Magic
 70364 | Zot:1    | Found a runed translucent gate.
 70366 | Zot:1    | Noticed reasonance's ghost (legendary DsFi)
 70366 | Zot:1    | Noticed Ofaid's ghost (adept FeBe)
 71850 | Zot:2    | HP: 6/173 [black draconian monk (18)]
 71864 | Zot:2    | Identified the ring "Cyx Tim" {MP-9 Int+4 Dex+6 Stlth+}
 71878 | Zot:2    | Noticed an ancient lich
 71903 | Zot:2    | Killed an ancient lich
 71974 | Zot:2    | Found a stormy altar of Qazlal.
 73334 | Zot:3    | Lost mutation: Your body sometimes deteriorates upon taking
                  | damage. [potion of mutation]
 73334 | Zot:3    | Lost mutation: You are dopey. (Int -2) [potion of mutation]
 73334 | Zot:3    | Lost mutation: You are clumsy. (Dex -2) [potion of
                  | mutation]
 73334 | Zot:3    | Gained mutation: You passively map a small area around you.
                  | [potion of mutation]
 73334 | Zot:3    | Gained mutation: Your movements are slightly less
                  | encumbered by armour. (ER -2) [potion of mutation]
 73334 | Zot:3    | Gained mutation: You passively map the area around you.
                  | [potion of mutation]
 74364 | Zot:4    | Identified the +4 dragonskin cloak
 74364 | Zot:4    | Noticed Tiamat
 74393 | Zot:5    | Entered Level 5 of the Realm of Zot
 74979 | Zot:4    | Found a transporter.
 74979 | Zot:4    | Noticed Netemen's ghost (master GnFi)
 74986 | Zot:4    | Found a transporter.
 75105 | Zot:4    | You are sucked into a shaft!
 75105 | Zot:5    | Noticed an orb of fire
 75105 | Zot:5    | Noticed an orb of fire
 75105 | Zot:5    | Noticed an orb of fire
 75105 | Zot:5    | Noticed an orb of fire
 75105 | Zot:5    | Noticed an orb of fire
 75105 | Zot:5    | Noticed an orb of fire
 75108 | Zot:5    | Gained mutation: Scrolls take you longer to read. [an orb
                  | of fire]
 75109 | Zot:5    | HP: 6/173 [orb of fire/bolt of fire (25)]
 75109 | Zot:5    | Killed from afar by an orb of fire

Skill      XL: |  1  2  3  4  5  6  7  8  9 10 11 12 13 14 15 16 17 18 19 20 21 22 23 24 25 26 27 |
---------------+----------------------------------------------------------------------------------+-----
Shields        | 4 5 6 7 8 9 13 15 | 15.5
Fighting       | 4 5 6 7 9 11 13 14 15 16 17 18 19 20 21 23 24 25 | 25.0
Maces & Flails | 3 4 5 6 8 10 12 | 12.1
Armour         | 5 6 10 11 13 | 13.7
Dodging        | 3 6 7 9 11 | 11.1
Spellcasting   | 6 9 11 13 14 15 16 17 18 20 | 20.8
Invocations    | 6 9 11 13 16 17 | 17.3
Summonings     | 2 7 9 |  9.2
Conjurations   | 6 10 12 14 18 | 18.5
Fire Magic     | 6 9 11 13 17 | 17.2
Axes           | 3 17 | 17.0

Action                   |  1- 3 |  4- 6 |  7- 9 | 10-12 | 13-15 | 16-18 | 19-21 | 22-24 | 25-27 || total
-------------------------+-------+-------+-------+-------+-------+-------+-------+-------+-------++-------
Melee: Flail             |   154 |    52 |       |       |       |       |       |       |       ||   206
       Dagger            |       |   166 |       |       |       |       |       |       |       ||   166
       Whip              |       |    21 |   468 |   724 |  1401 |       |       |       |       ||  2614
       Unarmed           |       |       |       |    13 |       |       |       |       |       ||    13
       Morningstar       |       |       |       |       |   468 |  2103 |  2341 |  2005 |  1790 ||  8707
       Broad axe         |       |       |       |       |       |       |       |       |  2219 ||  2219
       Bite              |       |       |       |       |       |       |       |       |   104 ||   104
Throw: Throwing net      |       |       |       |       |       |       |       |       |     7 ||     7
 Cast: Blink             |       |       |       |       |     4 |       |       |       |     8 ||    12
       Aura of Abjuratio |       |       |       |       |       |       |     2 |       |     1 ||     3
       Deflect Missiles  |       |       |       |       |       |       |       |     1 |       ||     1
Invok: Divine Shield     |       |       |       |     2 |     8 |    17 |     4 |     4 |     8 ||    43
       Cleansing Flame   |       |       |       |       |     6 |    29 |    96 |    70 |   157 ||   358
       Summon Divine War |       |       |       |       |     2 |     3 |     4 |     1 |     2 ||    12
       Brand Weapon With |       |       |       |       |       |       |       |       |     1 ||     1
 Abil: Evoke Berserk Rag |       |       |       |     1 |     9 |       |       |       |       ||    10
       Fly               |       |       |       |       |     1 |       |       |       |     1 ||     2
       Stop Flying       |       |       |       |       |       |       |       |     1 |       ||     1
Evoke: Wand              |       |       |     2 |    15 |    37 |    10 |       |     2 |    13 ||    79
       Phantom mirror    |       |       |       |       |     2 |       |       |       |     1 ||     3
  Use: Scroll            |     1 |     3 |    11 |    21 |    23 |    12 |    12 |    19 |    37 ||   139
       Potion            |       |     1 |     3 |     8 |    22 |     9 |     4 |     7 |    42 ||    96
  Eat: Chunk             |       |     6 |     9 |    12 |    21 |    21 |    21 |    33 |    32 ||   155
       Ration            |       |       |     2 |     3 |    10 |     5 |     9 |     4 |    19 ||    52
Armor: Scale mail        |    84 |    87 |   178 |    47 |    27 |   147 |       |   334 |  1403 ||  2307
       Ring mail         |       |       |       |   170 |   550 |       |       |       |       ||   720
       Skin              |       |       |       |     3 |       |       |       |       |       ||     3
       Pearl dragon scal |       |       |       |       |       |  1049 |  1401 |   350 |   213 ||  3013
       Chain mail        |       |       |       |       |       |     6 |       |       |       ||     6
Dodge: Dodged            |    53 |    69 |    87 |   138 |   480 |   795 |   933 |   633 |  1214 ||  4402
       Deflected         |       |       |       |       |       |       |       |     6 |       ||     6
Block: Shield            |    84 |   108 |   221 |   429 |  1296 |  2751 |  2978 |  1776 |  3531 || 13174
       Reflection        |       |       |       |       |       |    15 |    56 |   122 |    89 ||   282
